 Dungeon Crawl Stone Soup version 0.21.1-1-g345015f (webtiles) character file.

170 Hasart the Conjurer (level 5, -8/31 HPs)
             Began as an Octopode Wizard on Apr 6, 2018.
             Mangled by Natasha (9 damage)
             ... on level 3 of the Dungeon.
             The game lasted 00:07:44 (3986 turns).

Hasart the Conjurer (Octopode Wizard)               Turns: 3986, Time: 00:07:45

Health: -8/31      AC:  0    Str:  6    XL:     5   Next: 51%
Magic:  2/10       EV: 19    Int: 21    God:
Gold:   116        SH:  0    Dex: 16    Spells: 3/11 levels left

rFire    . . .     SeeInvis .   (weapon currently unavailable)
rCold    . . .     Gourm    .   (shield currently unavailable)
rNeg     . . .     Faith    .   (helmet currently unavailable)
rPois    .         Spirit   .   (no amulet)
rElec    .         Reflect  .   (ring currently unavailable)
rCorr    .         Harm     .   (ring currently unavailable)
MR       .....                  (ring currently unavailable)
Stlth    ++........             (ring currently unavailable)
HPRegen  0.10/turn              (ring currently unavailable)
MPRegen  0.12/turn              (ring currently unavailable)
                                (ring currently unavailable)
                                (ring currently unavailable)

@: bat-form, flying, slowed, quick
A: tiny, almost no armour, stealthy swim, (amphibious), (8 rings), (constrict 8)
a: no special abilities


You were on level 3 of the Dungeon.
You were not hungry.
You were in bat-form.
You visited 1 branch of the dungeon, and saw 3 of its levels.

You collected 116 gold pieces.

Inventory:

Hand Weapons
 e - a +0 spear (melded)
Armour
 a - a +0 hat (melded)
Scrolls
 f - a scroll of amnesia {unknown}
 h - a scroll of remove curse {unknown}
 j - a scroll of enchant weapon {unknown}
 k - 4 scrolls of identify {unknown}
 n - 2 scrolls of enchant armour {unknown}
 o - a scroll of fog {unknown}
Potions
 d - a potion of mutation {unknown}
 g - a potion of cancellation {unknown}
 i - a potion of haste {unknown}
 l - a potion of curing {unknown}
Books
 b - a book of Minor Magic

   Spells                             Type                      Level
   a - Magic Dart                     Conjuration                  1
   b - Blink                          Translocation                2
   c - Call Imp                       Summoning                    2
   d - Slow                           Hexes                        2
   e - Conjure Flame                  Conjuration/Fire             3
   f - Mephitic Cloud                 Conjuration/Poison/Air       3
Comestibles
 c - 6 rations
 m - 2 chunks of flesh


   Skills:
 - Level 2.0 Dodging
 - Level 2.6 Stealth
 + Level 3.7 Spellcasting
 * Level 3.7 Conjurations
 + Level 1.5 Summonings
 - Level 1.0 Translocations
 + Level 0.9 Air Magic
 * Level 1.9 Poison Magic


You had 3 spell levels left.
You knew the following spells:

 Your Spells              Type           Power        Failure   Level  Hunger
a - Magic Dart            Conj           ###.         2%          1    None
b - Blink                 Tloc           N/A          12%         2    ##.....
c - Mephitic Cloud        Conj/Pois/Air  ##......     16%         3    ###....
q - Call Imp              Summ           ##......     10%         2    ##.....


Dungeon Overview and Level Annotations

Branches:
Dungeon (3/15)

Altars:
Cheibriados

Annotations:
D:3 Grinder, Natasha


Innate Abilities, Weirdness & Mutations

You cannot wear most types of armour.
You are very stealthy in the water. (Stealth+)
((You are amphibious.))
((You can wear up to eight rings at the same time.))
((You can use your tentacles to constrict eight enemies at once.))
((Your skin changes colour to match your surroundings (Stealth+).))
((Your rubbery body absorbs attacks. (AC +1, EV +1)))


Message History

The shadow imp disappears in a puff of smoke!
Natasha barely misses you.
You hit Natasha but do no damage.
Natasha is severely wounded.
Natasha extends her claws.
Natasha misses you. Natasha completely misses you.
You can't do that in your present form.
You hit Natasha but do no damage.
Natasha is severely wounded.
Natasha closely misses you.
You hit Natasha but do no damage.
Natasha is severely wounded.
Natasha zaps a wand.
The shadow imp gestures at you. Pain shoots through your body!
* * * LOW HITPOINT WARNING * * *
You hit Natasha but do no damage.
Natasha is severely wounded.
Natasha claws you!
You die...

.....#..#... ....#..#...
...##..... ..##.....
#######.##.....
###.......###....
#...............#
###........####...#
#.b5...............
###########.#h...#########..#
#####...........#....# #..#
#......##########....# #..#
#......#.............# #...
#...........####.....####
#.#. ............# #........#
#.#. ...##.#.....#
#........######.##
...##.#.....#
#.#.............##


You could see Natasha and a shadow imp.

Vanquished Creatures
  Natasha (D:3)
  4 adders (D:2)
  3 gnolls (D:2)
  An ooze (D:2)
  2 worms (D:2)
  4 dart slugs (D:1)
  A leopard gecko (D:1)
  An orc (D:3)
  A ball python (D:1)
  2 giant cockroaches (D:2)
  6 goblins
  9 hobgoblins
  8 jackals
  4 kobolds
  2 bats
  5 frilled lizards
  8 rats
62 creatures vanquished.

Notes
Turn   | Place    | Note
-------+----------+-------------------------------------------
     0 | D:1      | Hasart the Octopode Wizard began the quest for the Orb.
     0 | D:1      | Reached XP level 1. HP: 11/11 MP: 4/4
   578 | D:1      | Reached XP level 2. HP: 17/17 MP: 4/6
   602 | D:1      | Learned a level 2 spell: Blink
   605 | D:1      | Learned a level 2 spell: Call Imp
  1351 | D:1      | Reached XP level 3. HP: 21/21 MP: 3/7
  1559 | D:1      | Learned a level 3 spell: Mephitic Cloud
  2362 | D:2      | Reached XP level 4. HP: 27/27 MP: 2/9
  2847 | D:2      | Reached skill level 1 in Poison Magic
  3051 | D:2      | Found a snail-covered altar of Cheibriados.
  3172 | D:2      | Reached XP level 5. HP: 29/31 MP: 8/10
  3947 | D:3      | Noticed Natasha
  3947 | D:3      | Noticed Grinder
  3958 | D:3      | Killed Natasha
  3966 | D:3      | Noticed Natasha
  3985 | D:3      | HP: 1/31 [shadow imp/nerve-wracking pain[Natasha] (3)]
  3986 | D:3      | Mangled by Natasha

Skill      XL: |  1  2  3  4 |
---------------+-------------+-----
Conjurations   | 2 3 |  3.7
Poison Magic   | 1 |  1.9
Dodging        | |  2.0
Stealth        | |  2.6
Spellcasting   | |  3.7
Summonings     | |  1.5
Translocations | |  1.0
Air Magic      | |  0.9

Action                   |  1- 3 |  4- 6 || total
-------------------------+-------+-------++-------
Melee: Unarmed           |    18 |    11 ||    29
       Constrict         |     4 |     7 ||    11
       Tentacles         |     2 |     4 ||     6
       Spear             |    10 |    22 ||    32
 Cast: Magic Dart        |    78 |    70 ||   148
       Mephitic Cloud    |       |     1 ||     1
 Stab: Sleeping          |     3 |       ||     3
  Eat: Chunk             |     4 |     5 ||     9
Armor: Skin              |       |     1 ||     1
Dodge: Dodged            |    28 |    43 ||    71
